 Dungeon Crawl Stone Soup version 0.31-a0-202-g547052bce9 (webtiles) character file.

Game seed: 11712161681743405436

62 qw the Shooter (level 3, -1/20 HPs)
             Began as a Deep Elf Hunter on June 26, 2023.
             Succumbed to an orc's poison
             ... on level 2 of the Dungeon.
             The game lasted 00:00:31 (1420 turns).

qw the Shooter (Deep Elf Hunter)                    Turns: 1420, Time: 00:00:31

Health: -1/20      AC:  7    Str: 10    XL:     3   Next: 85%
Magic:  5/5        EV: 11    Int: 13    God:
Gold:   86         SH:  0    Dex: 18    Spells: 2/2 levels left

rFire   . . .        Y - +0 shortbow
rCold   . . .        (shield currently unavailable)
rNeg    . . .        b - +0 ring mail
rPois   .            (no helmet)
rElec   .            (no cloak)
rCorr   .            f - +1 pair of gloves
SInv    .            (no boots)
Will    .....        (no amulet)
Stlth   +            (no ring)
HPRegen 0.23/turn    (no ring)
MPRegen 0.09/turn

%: no passive effects
@: brilliant, lethally poisoned (-1 -> -8)
A: no striking features
a: no special abilities


You were on level 2 of the Dungeon.
You visited 1 branch of the dungeon, and saw 2 of its levels.

You collected 86 gold pieces.


   Skills:
 - Level 1.5 Fighting
 + Level 7.3 Ranged Weapons
 - Level 2.4 Dodging
 - Level 1.2 Stealth


You had 2 spell levels left.
You didn't know any spells.
Your spell library was empty.

Inventory:

Hand Weapons
 Y - a +0 shortbow (weapon)
Armour
 b - a +0 ring mail (worn)
 f - a +1 pair of gloves (worn)
Wands
 a - a wand of digging (8)
Scrolls
 h - a scroll of identify
Potions
 d - a potion of curing {unknown}
 g - a potion of enlightenment {unknown}

Dungeon Overview and Level Annotations

Branches:
Dungeon (2/15)

Altars:


Message History

1395 ||| UPGRADING to +0 ring mail.
You start removing your armour.
You continue taking off your +0 leather armour. x4
You finish taking off your +0 leather armour.
You start putting on your armour.
You continue putting on your +0 ring mail. x5
You finish putting on your +0 ring mail.
1405 ||| DROPPING +0 leather armour.
You drop a +0 leather armour.
Done exploring.
1406 ||| DRINKING 2 green potions.
It was a potion of brilliance.
You feel clever all of a sudden.
Done exploring.
1407 ||| DROPPING potion of brilliance.
You drop a potion of brilliance.
Done exploring.
(D) Dungeon
Where to? (* - list waypoints, Enter - D:2, ? - help)
What level of the Dungeon? (default 1, ? - help)
You see here a +0 whip.
An orc is nearby!
You shoot an arrow. The orc shouts!
The arrow hits the orc but does no damage.
You shoot an arrow. The arrow hits the orc.
The orc is severely wounded.
You shoot an arrow. The arrow barely misses the orc.
The orc hits you with a +2 whip of venom.
You are poisoned.
You shoot an arrow. The arrow barely misses the orc.
You feel very sick.
The orc hits you with a +2 whip of venom.
You are lethally poisoned!
You shoot an arrow. The arrow hits the orc.
You kill the orc!
You feel very sick.
There is a lethal amount of poison in your body!
You feel very sick.
There is a lethal amount of poison in your body!
You feel very sick.
There is a lethal amount of poison in your body!
You die...

###############
#!............#
#.####@.#####.#
#.####).#####.######
#.#................#
#.#.##..#####.####.#
#.#.##........# #.#
#......###########.###
###.#### #......# ##.#
#.##.#.# #..#
#######.#..#.#


There were no monsters in sight!

Vanquished Creatures
  An adder (D:2)
  A worm (D:2)
  4 dart slugs
  3 orcs (D:2)
  An endoplasm (D:2)
  2 giant cockroaches
  5 hobgoblins
  3 quokkas
  3 ball pythons
  5 bats
  5 frilled lizards
  4 kobolds
  5 rats
42 creatures vanquished.

Notes
Turn   | Place    | Note
-------+----------+-------------------------------------------
     0 | D:1      | qw the Deep Elf Hunter began the quest for the Orb.
     0 | D:1      | Reached XP level 1. HP: 12/12 MP: 3/3
     0 | D:1      | 0 ||| qw: Version: 0.3-a-22-g0ed2b0b
     0 | D:1      | 0 ||| qw: Game counter: 6244
     0 | D:1      | 0 ||| qw: Melee chars always use a shield: true
     0 | D:1      | 0 ||| qw: God list: Okawaru
     0 | D:1      | 0 ||| qw: Allow faded altars: false
     0 | D:1      | 0 ||| qw: Do Orc after clearing Dungeon:15 true
     0 | D:1      | 0 ||| qw: Do second Lair branch before Depths: true
     0 | D:1      | 0 ||| qw: Lair rune preference: random
     0 | D:1      | 0 ||| qw: Goals: Normal
     0 | D:1      | 0 ||| PLANNING D:1-11
    72 | D:1      | Found a faded altar of an unknown god.
   207 | D:1      | Reached XP level 2. HP: 8/16 MP: 4/4
   251 | D:1      | Reached skill level 6 in Ranged Weapons
   640 | D:1      | 640 ||| UPGRADING to +1 pair of gloves.
   645 | D:1      | 645 ||| READING scroll labelled VOH LERAJY.
   646 | D:1      | 646 ||| READING scroll labelled HUG FODGHOIX.
   651 | D:1      | 651 ||| READING scroll labelled ROMIOR DABAIPO.
   652 | D:1      | 652 ||| READING scroll labelled NOOFEKK TEIP.
   653 | D:1      | 653 ||| DROPPING scroll of butterflies.
   671 | D:2      | 671 ||| STAIRDANCE
   674 | D:2      | 674 ||| STAIRDANCE
   734 | D:2      | Reached XP level 3. HP: 20/20 MP: 5/5
   945 | D:2      | Reached skill level 7 in Ranged Weapons
  1395 | D:2      | 1395 ||| UPGRADING to +0 ring mail.
  1405 | D:2      | 1405 ||| DROPPING +0 leather armour.
  1406 | D:2      | 1406 ||| DRINKING 2 green potions.
  1407 | D:2      | 1407 ||| DROPPING potion of brilliance.
  1418 | D:2      | HP: 3/20 [poisoned by an orc]
  1419 | D:2      | HP: 1/20 [poisoned by an orc]
  1420 | D:2      | Succumbed to an orc's poison

Levels and vault maps discovered:
D:1:      reono_arrival_forest_river, layout_loops_cross, basic_ecumenical_altar
D:2:      layout_loops_cross, minmay_unequal

Skill      XL: |  1  2  3 |
---------------+----------+-----
Ranged Weapons | 6 7 |  7.3
Fighting       | |  1.5
Dodging        | |  2.4
Stealth        | |  1.2

Action                     || total
---------------------------++-------
   Fire: Shortbow          ||   105
    Use: Scroll            ||     4
         Potion            ||     1
 Armour: Leather armour    ||    13
  Dodge: Dodged            ||    17

Table legend:
 A = Non-vault XP
 B = Vault XP
 C = Vault XP percentage of total XP
 D = Non-vault monster count
 E = Vault monster count
 F = Vault count percentage of total count
                 A         B        C        D         E       F
            +---------+---------+-------+---------+---------+-------
      Total |      86 |       3 |   3.4 |      40 |       2 |   4.8
            +---------+---------+-------+---------+---------+-------
        D:1 |      24 |       0 |   0.0 |      16 |       0 |   0.0
        D:2 |      62 |       3 |   4.6 |      24 |       2 |   7.7
            +---------+---------+-------+---------+---------+-------
